 Dungeon Crawl Stone Soup version 0.20-a0-710-g71b569a (webtiles) character file.

1281 polly the Insei (level 8, -1/58 HPs)
             Began as a Demonspawn Gladiator on Feb 22, 2017.
             Slain by Zazen's ghost (15 damage)
             ... on level 5 of the Dungeon.
             The game lasted 00:09:24 (5293 turns).

polly the Insei (Demonspawn Gladiator)              Turns: 5293, Time: 00:09:24

Health: -1/58      AC: 10    Str: 19    XL:     8   Next: 29%
Magic:  8/8        EV: 14    Int:  9    God:
Gold:   121        SH:  0    Dex: 16    Spells: 7/7 levels left

rFire    . . .     SeeInvis .     - Unarmed
rCold    . . .     Gourm    .   b - +0 leather armour
rNeg     . . .     Faith    .   (no shield)
rPois    .         Spirit   .   c - +0 helmet
rElec    .         Reflect  .   q - scarf {repulsion}
rCorr    .         Harm     .   (no gloves)
MR       .....                  (no boots)
Stlth    +++.......             (no amulet)
Regen    0.2/turn               (no ring)
MPRegen  0.2/turn               h - +3 ring of strength

@: sanguine armour, repel missiles
A: claws 2, nightstalker 1, spiny 2, sanguine armour 1
a: no special abilities


You were on level 5 of the Dungeon.
You were hungry.

You visited 1 branch of the dungeon, and saw 5 of its levels.

You collected 121 gold pieces.

Inventory:

Armour
 b - a +0 leather armour (worn)
 c - a +0 helmet (worn)
 q - a scarf of repulsion (worn)
Jewellery
 h - a +3 ring of strength (left claw)
 x - a +2 ring of dexterity {unknown}
Wands
 o - a wand of enslavement (13/24)
 r - a wand of polymorph (4/24)
Scrolls
 a - 2 scrolls of amnesia {unknown}
 e - 3 scrolls of teleportation {unknown}
 g - 4 scrolls of fear {unknown}
 i - 3 scrolls of remove curse {unknown}
 j - a scroll of magic mapping {unknown}
 l - 2 scrolls of enchant weapon {unknown}
 n - 6 scrolls of identify {unknown}
 w - a scroll of enchant armour {unknown}
 y - a scroll of fog {unknown}
Potions
 d - a potion of flight {unknown}
 s - a potion of curing {unknown}
 t - a potion of heal wounds {unknown}
 u - 2 potions of ambrosia {unknown}
 z - a potion of haste {unknown}
Books
 p - a book of Changes

   Spells                             Type                      Level
   a - Beastly Appendage              Transmutation                1
   b - Sticks to Snakes               Transmutation                2
   c - Spider Form                    Transmutation/Poison         3
   d - Ice Form                       Ice/Transmutation            4
   e - Blade Hands                    Transmutation                5
 v - a book of Conjurations

   Spells                             Type                      Level
   a - Magic Dart                     Conjuration                  1
   b - Searing Ray                    Conjuration                  2
   c - Dazzling Spray                 Conjuration/Hexes            3
   d - Fulminant Prism                Conjuration/Hexes            4
   e - Force Lance                    Conjuration/Translocation    4
   f - Iskenderun's Mystic Blast      Conjuration                  4
Comestibles
 f - 3 bread rations
 k - 3 meat rations
 m - 3 fruits


   Skills:
 + Level 3.0 Fighting
   Level 2.9 Long Blades
 + Level 1.9 Throwing
 + Level 2.6 Armour
 + Level 4.6 Dodging
 + Level 3.2 Stealth
 * Level 6.5 Unarmed Combat


You had 7 spell levels left.
You didn't know any spells.

Dungeon Overview and Level Annotations

Branches:
Dungeon (5/15)
 Temple: D:4-7

Altars:
Ashenzari
Cheibriados
Dithmenos
Gozag Ieoh Jian
Nemelex Xobeh
Okawaru
Zin

Shops:
D:4 *}[(   D:5 !

Annotations:
D:5 Zazen's ghost, novice DsMo


Innate Abilities, Weirdness & Mutations

You have very sharp fingernails.
You are slightly more attuned to the shadows.
You are mostly covered in sharp spines.
When seriously injured, your bleeding wounds create armour. (AC +6)


Message History

You scratch Zazen's ghost.
Zazen's ghost is severely damaged.
Zazen's ghost hits you!
You barely miss Zazen's ghost.
Zazen's ghost is severely damaged.
You closely miss Zazen's ghost.
Zazen's ghost is severely damaged.
Zazen's ghost says, "I died to destroy people like you for fun."
Zazen's ghost hits you.
You closely miss Zazen's ghost.
Zazen's ghost is severely damaged.
Zazen's ghost is struck by your spines. Zazen's ghost closely misses you.
You scratch Zazen's ghost.
Zazen's ghost is severely damaged.
Zazen's ghost is struck by your spines. Zazen's ghost hits you!
* * * LOW HITPOINT WARNING * * *
You scratch Zazen's ghost but do no damage.
Zazen's ghost is almost destroyed.
Zazen's ghost is struck by your spines. Zazen's ghost hits you!
You die...

##....##...#....
#....(##...##...
#.....###'###...
#...........#...
#...[.......'...
####..<.##....#...
#..#....##....#...
#.............#...
#@W...........#...
#.............#...
##################


You could see Zazen's ghost.

Vanquished Creatures
  Sigmund (D:4)
  The ghost of BrokenWindows the Insei, an amateur DsTm of Kikubaaqudgha (D:4)
  A phantom (D:5)
  An ice beast (D:4)
  An ogre (D:5)
  2 scorpions (D:4)
  2 crimson imps (D:5)
  An orc priest (D:5)
  4 orc wizards
  A bullfrog skeleton (D:4)
  3 hounds (D:4)
  2 jellies
  An iguana (D:4)
  A worker ant (D:5)
  A hound skeleton (D:5)
  4 adders
  2 oozes (D:2)
  3 worms
  3 dart slugs
  2 leopard geckos
  18 orcs
  5 bats
  A giant cockroach (D:4)
  8 goblins
  9 hobgoblins
  16 jackals
  14 kobolds
  A ball python (D:2)
  4 frilled lizards
  9 rats
122 creatures vanquished.

Notes
Turn   | Place    | Note
-------+----------+-------------------------------------------
     0 | D:1      | polly the Demonspawn Gladiator began the quest for the Orb.
     0 | D:1      | Reached XP level 1. HP: 16/16 MP: 1/1
    71 | D:1      | Gained mutation: You have sharp fingernails. [demonic ancestry]
    71 | D:1      | Reached XP level 2. HP: 22/22 MP: 2/2
   770 | D:1      | Gained mutation: When seriously injured, your bleeding wounds create armour. (AC +6) [demonic ancestry]
   770 | D:1      | Reached XP level 3. HP: 27/27 MP: 3/3
   878 | D:2      | Reached skill level 1 in Unarmed Combat
  1097 | D:2      | Found an opulent altar of Gozag.
  1324 | D:2      | Found a faded altar of an unknown god.
  1340 | D:2      | Gained mutation: You are slightly more attuned to the shadows. [demonic ancestry]
  1340 | D:2      | Reached XP level 4. HP: 32/34 MP: 4/4
  1550 | D:2      | Reached skill level 1 in Armour
  1749 | D:2      | Reached skill level 2 in Unarmed Combat
  2216 | D:3      | Gained mutation: You are partially covered in sharp spines. [demonic ancestry]
  2216 | D:3      | Reached XP level 5. HP: 25/39 MP: 5/5
  2821 | D:3      | Reached skill level 3 in Unarmed Combat
  2894 | D:3      | Reached skill level 1 in Stealth
  2997 | D:4      | Noticed an ice beast
  3009 | D:4      | Found Noilua's Gadget Shop.
  3029 | D:4      | Killed an ice beast
  3029 | D:4      | Reached XP level 6. HP: 20/46 MP: 6/6
  3170 | D:4      | Found Ahinon's Armour Emporium.
  3170 | D:4      | Found an ornate altar of the Ieoh Jian Council.
  3173 | D:4      | Found Zin's Purification Station.
  3173 | D:4      | Found a glowing silver altar of Zin.
  3225 | D:4      | Found a snail-covered altar of Cheibriados.
  3258 | D:4      | Reached skill level 4 in Unarmed Combat
  3499 | D:4      | Noticed BrokenWindows's ghost (amateur DsTm)
  3627 | D:4      | Killed BrokenWindows's ghost
  3627 | D:4      | Gained mutation: You have very sharp fingernails. [demonic ancestry]
  3627 | D:4      | Reached XP level 7. HP: 26/51 MP: 7/7
  3900 | D:4      | Found a shattered altar of Ashenzari.
  4002 | D:4      | Found a shadowy altar of Dithmenos.
  4116 | D:4      | Reached skill level 5 in Unarmed Combat
  4177 | D:4      | Found Liung's Antique Weapon Shop.
  4216 | D:5      | Entered Level 5 of the Dungeon
  4308 | D:5      | Found an iron altar of Okawaru.
  4324 | D:5      | Found a sparkling altar of Nemelex Xobeh.
  4327 | D:5      | Found Fouwigg's Distillery.
  4402 | D:5      | Gained mutation: You are mostly covered in sharp spines. [demonic ancestry]
  4402 | D:5      | Reached XP level 8. HP: 43/57 MP: 8/8
  4407 | D:5      | Reached skill level 6 in Unarmed Combat
  4541 | D:5      | Noticed Zazen's ghost (novice DsMo)
  4697 | D:4      | Noticed Sigmund
  4711 | D:4      | Killed Sigmund
  5293 | D:5      | Slain by Zazen's ghost

Vault maps used:
D:1:      dpeg_arrival_pits
D:2:      chequers_ecumenical_altar_simple_redux, nicolae_gozag_seed_capital
D:3:      minmay_goblin_kobold_house
D:4:      kennysheep_slug_shrine, lemuel_crystal_altar,
          nicolae_overflow_hidden_temple, nicolae_ashenzari_panopticon,
          zin_purify, first_bread, serial_shops, kennysheep_mini_moat,
          nicolae_shop_competitors_out_of_business, shop, supply_closet_lemuel,
          uniq_sigmund
D:5:      marbit_many_paths, nemelex_xobeh_ov_fountains_minmay,
          lemuel_round_altar, serial_shops, nicolae_shop_statue_plus

Skill      XL: |  1  2  3  4  5  6  7  8 |
---------------+-------------------------+-----
Dodging        | 3 4 |  4.6
Unarmed Combat | 1 2 3 4 5 6 |  6.5
Armour         | 1 2 |  2.6
Stealth        | 1 2 3 |  3.2
Fighting       | 3 |  3.0
Long Blades    | |  2.9
Throwing       | |  1.9

Action                   |  1- 3 |  4- 6 |  7- 9 || total
-------------------------+-------+-------+-------++-------
Melee: Long sword        |     6 |       |       ||     6
       Unarmed           |   150 |   212 |    87 ||   449
       Punch             |       |       |     4 ||     4
Throw: Throwing net      |       |     4 |       ||     4
 Stab: Sleeping          |       |    12 |     5 ||    17
       Held in net/web   |       |     3 |       ||     3
  Eat: Chunk             |     1 |     7 |     2 ||    10
       Fruit             |       |       |     2 ||     2
       Royal jelly       |       |       |     1 ||     1
Armor: Leather armour    |    40 |    44 |    13 ||    97
Dodge: Dodged            |    88 |   112 |    50 ||   250
